 Dungeon Crawl Stone Soup version 0.30-a0-219-gf2db51d15e (webtiles) character file.

Game seed: 9195214804114359476

3014 freelancePsychic the Slicer (level 9, -18/97 HPs)
             Began as an Ogre Wanderer on Oct 8, 2022.
             Was a Follower of Uskayaw.
             Demolished by Joseph
             ... wielding a +0 quarterstaff
              (19 damage)
             ... on level 8 of the Dungeon.
             The game lasted 00:12:43 (7484 turns).

freelancePsychic the Slicer (Ogre Wanderer)         Turns: 7484, Time: 00:12:43

Health: -18/97     AC:  4    Str: 16    XL:     9   Next: 85%
Magic:  4/10       EV:  8    Int: 14    God:    Uskayaw [*.....]
Gold:   440        SH:  8    Dex: 13    Spells: 10/10 levels left

rFire   . . .      SeeInvis .    b - +2 dagger (drain)
rCold   + . .      Faith    .    e - +0 kite shield
rNeg    . . .      Spirit   .    d - +0 robe
rPois   .          Reflect  .    (helmet restricted)
rElec   .          Harm     .    m - +0 cloak
rCorr   .          Rampage  .    (gloves unavailable)
Will    .....                    (boots unavailable)
Stlth   ++........               (no amulet)
HPRegen 0.36/turn                f - ring of protection from cold
MPRegen 0.12/turn                (no ring)

@: no status effects
A: large, unfitting armour, tough skin 1
a: Renounce Religion, Stomp


You were on level 8 of the Dungeon.
You worshipped Uskayaw.
Uskayaw was noncommittal.
You visited 1 branch of the dungeon, and saw 8 of its levels.
You also visited: Ossuary.

You collected 440 gold pieces.

Inventory:

Hand Weapons
 a - a +1 rapier
 b - a +2 dagger of draining (weapon)
Missiles
 g - 2 boomerangs
 k - 29 stones
 l - 2 javelins
 s - 3 large rocks (quivered)
Armour
 d - a +0 robe (worn)
 e - a +0 kite shield (worn)
 m - a +0 cloak (worn)
Jewellery
 f - a ring of protection from cold (left hand)
Wands
 G - a wand of paralysis (3)
Scrolls
 c - 4 scrolls of blinking
 h - 2 scrolls of immolation
 r - 3 scrolls of poison
 t - a scroll of enchant armour
 u - a scroll of amnesia
 w - 2 scrolls of teleportation {@r4}
 C - a scroll of enchant weapon
 E - a scroll of identify {@r1}
 F - a scroll of fog
Potions
 j - 3 potions of attraction
 o - a potion of cancellation
 p - a potion of might
 q - a potion of flight {unknown}
 v - a potion of resistance {unknown}
 z - 3 potions of haste {unknown}
 A - a potion of ambrosia {unknown}
 B - a potion of brilliance {unknown}


   Skills:
 + Level 8.6 Fighting
 - Level 10.0 Short Blades
 * Level 3.0 Throwing
 - Level 2.5 Stealth
 - Level 4.3 Shields
 - Level 1.2 Spellcasting
 - Level 2.6 Poison Magic
 - Level 0.7 Invocations


You had 10 spell levels left.
You didn't know any spells.
Your spell library contained the following spells:

 Spells                   Type           Power      Damage    Failure   Level
 Sting                    Tmut/Pois      16%        1d3       34%         1
 Ignite Poison            Fire/Tmut/Pois 3%         N/A       77%         3
 Mephitic Cloud           Conj/Pois/Air  3%         N/A       77%         3
 Kindle Blastsparks       Fire/Tloc/Air  0%         2d10      87%         3
 Fireball                 Conj/Fire      0%         3d3       100%        5
 Freezing Cloud           Conj/Ice/Air   0%         6-21      100%        5
 Iskenderun's Battlesphe  Conj           0%         2d6       100%        5
 Conjure Ball Lightning   Conj/Air       0%         3x3d6     100%        6
 Orb of Destruction       Conj           0%         9d5       100%        7


Dungeon Overview and Level Annotations

Branches:
Dungeon (8/15)            Ossuary (visited)
 Temple: D:4-7         Lair: D:8-11

Altars:
Uskayaw
Wu Jian

Shops:
D:1 *

Annotations:
D:8 Joseph, Maurice


Innate Abilities, Weirdness & Mutations

You are too large for most types of armour.
You have tough skin. (AC +1)


Message History

You can now pass through a line of other dancers.
Your Throwing skill increases to level 3!
You feel much better.
Joseph shoots a sling bullet.
You block the sling bullet.
Joseph shoots a sling bullet.
The sling bullet hits you!
* * * LOW HITPOINT WARNING * * *
Joseph unwields a +0 sling.
Joseph wields a +0 quarterstaff.
Joseph hits you with a +0 quarterstaff!
* * * LOW HITPOINT WARNING * * *
Something hits you.
* * * LOW HITPOINT WARNING * * *
Something steals 1 of your 2 orange potions!
You see here a hornet corpse.
You hit Joseph.
Joseph is lightly wounded.
Joseph hits you with a +0 quarterstaff.
* * * LOW HITPOINT WARNING * * *
You block something's attack.
You feel better. Joseph hits you with a +0 quarterstaff!
* * * LOW HITPOINT WARNING * * *
You hit Joseph.
Joseph is lightly wounded.
You block Joseph's attack.
You hear some strange, mumbled words.
You stomp with the beat, sending a shockwave through the revellers around you!
Joseph is moderately wounded.
You can no longer pass through a line of other dancers.
You feel yourself speed up. You block Joseph's attack. Something hits you.
* * * LOW HITPOINT WARNING * * *
Something steals your murky emerald potion!
Joseph closely misses you.
You can now pass through a line of other dancers.
You stomp with the beat, sending a shockwave through the revellers around you!
Joseph is heavily wounded.
You can no longer pass through a line of other dancers.
Something hits you.
* * * LOW HITPOINT WARNING * * *
Something steals 1 of your 2 scrolls of identify {@r1}!
Joseph hits you with a +0 quarterstaff!!
You die...

...............##.#>....####.#
.........#.....##.#.####.....#
.........##.#####.#.#..#.#####
.........##.......#....#[#
.........###############.#
.........# #.........#
.........# #.#########
.........# #.# .........# #@#
##########.....{@..<..#
#..........>.# #.........>.##
#......(....# ############# ##


You could see Joseph.

Vanquished Creatures
  A hornet (D:8)
  Prince Ribbit (D:8)
  Eustachio (D:5)
  A steam dragon (D:8)
  An acid dragon (D:8)
  A water moccasin (D:7)
  An orc warrior (D:8)
  3 ice beasts
  3 ogres
  4 centaurs
  A phantom (D:6)
  5 bullfrogs
  Blork the orc (D:5)
  A gnoll sergeant (D:8)
  A scorpion (D:5)
  2 centaur zombies (Ossuary)
  An orc priest (D:8)
  2 hounds
  2 jellies
  2 iguanas
  3 orc wizards
  4 mummies (Ossuary)
  6 gnolls
  4 adders (D:2)
  2 white imps
  2 ufetubi
  3 worms
  2 dart slugs (D:5)
  16 orcs
  7 ball pythons
  2 endoplasms
  2 giant cockroaches
  A gnoll zombie (Ossuary)
  9 goblins
  10 hobgoblins
  7 jackals (D:2)
  5 quokkas
  11 bats
  2 frilled lizards
  2 goblin zombies (Ossuary)
  A hobgoblin zombie (Ossuary)
  3 kobolds
  2 kobold zombies (Ossuary)
  8 rats
149 creatures vanquished.

Notes
Turn   | Place    | Note
-------+----------+-------------------------------------------
     0 | D:1      | freelancePsychic the Ogre Wanderer began the quest for the
                  | Orb.
     0 | D:1      | freelancePsychic set off with the following items: a +0
                  | rapier, a +0 kite shield, a scroll of blinking, a +0 robe;
                  | and the following spell memorised: Sting; and the following
                  | spells available to memorise: Mephitic Cloud.
     0 | D:1      | Reached XP level 1. HP: 16/16 MP: 2/2
   143 | D:1      | Reached XP level 2. HP: 19/26 MP: 3/3
   221 | D:1      | Reached skill level 1 in Fighting
   298 | D:1      | Found Quteset's Assorted Antiques.
   765 | D:2      | Reached XP level 3. HP: 3/35 MP: 4/4
   989 | D:2      | Found an ornate altar of the Wu Jian Council.
  1014 | D:2      | Reached skill level 5 in Short Blades
  1136 | D:2      | Reached XP level 4. HP: 44/44 MP: 5/5
  1271 | D:2      | Found a faded altar of an unknown god.
  1295 | D:2      | Prayed at the altar of an unknown god.
  1295 | D:2      | Became a worshipper of Uskayaw the Reveller
  1295 | D:2      | Reached * piety under Uskayaw
  1318 | D:2      | Reached ** piety under Uskayaw
  2469 | D:3      | Reached XP level 5. HP: 53/53 MP: 6/6
  2939 | D:4      | Identified the +0 leather armour "Fashri" {Will+ Regen+
                  | Dex+4}
  2994 | D:5      | Entered Level 5 of the Dungeon
  3122 | D:5      | Noticed an ice beast
  3137 | D:5      | Reached *** piety under Uskayaw
  3144 | D:5      | Reached **** piety under Uskayaw
  3149 | D:5      | Killed an ice beast
  3149 | D:5      | Reached ***** piety under Uskayaw
  3150 | D:5      | Reached skill level 6 in Short Blades
  3150 | D:5      | Reached XP level 6. HP: 23/62 MP: 7/7
  3292 | D:5      | HP: 3/62 [ogre/+0 giant spiked club (20)]
  3512 | D:5      | Noticed Blork the orc
  3517 | D:5      | Reached XP level 7. HP: 52/71 MP: 8/8
  3521 | D:5      | Killed Blork the orc
  3666 | D:5      | Noticed Eustachio
  3819 | D:5      | Reached skill level 5 in Fighting
  4139 | D:5      | Killed Eustachio
  4140 | D:5      | Reached skill level 7 in Short Blades
  4140 | D:5      | Reached XP level 8. HP: 32/83 MP: 9/9
  4840 | D:6      | You fall into a shaft and drop 1 floor!
  4861 | D:7      | Reached skill level 8 in Short Blades
  4882 | D:7      | Reached skill level 1 in Stealth
  5397 | D:7      | Reached XP level 9. HP: 76/93 MP: 10/10
  5692 | D:8      | Noticed Prince Ribbit
  5699 | D:8      | Reached skill level 9 in Short Blades
  5728 | D:8      | Killed Prince Ribbit
  5729 | D:8      | Reached skill level 1 in Throwing
  5746 | D:8      | Found a sand-covered staircase.
  5751 | Ossuary  | Entered an ossuary
  6438 | D:8      | Noticed a manticore
  6439 | D:8      | Noticed a centaur warrior
  6976 | D:8      | Reached skill level 10 in Short Blades
  7059 | D:8      | Noticed a hornet
  7071 | D:8      | Paralysed by a hornet for 1 turns
  7081 | D:8      | Paralysed by a hornet for 3 turns
  7083 | D:8      | HP: 4/96 [hornet (1)]
  7083 | D:8      | Noticed Joseph
  7470 | D:8      | Noticed Maurice
  7477 | D:8      | Killed a hornet
  7483 | D:8      | HP: 3/97 [something (4)]
  7484 | D:8      | HP: 1/97 [something (3)]
  7484 | D:8      | Demolished by Joseph

Illustrated notes

Levels and vault maps discovered:
D:1:      onia_arrival_pentagram, layout_basic, serial_shops,
          nicolae_shop_competitors_out_of_business
D:2:      layout_loops_ring, basic_altar, hellmonk_ecumenical_altar_blasted
D:3:      layout_loops_ring
D:4:      layout_basic, nicolae_wu_jian_glorious_leap, lemuel_temple_firewalk_b
D:5:      layout_rooms, uniq_eustachio, uniq_blork_the_orc
D:6:      layout_gridville, uniq_duvessa
D:7:      statuecave_lemuel, layout_rooms, chequers_garden
D:8:      layout_basic, nicolae_ossuary_entry_plus, lightli_corner_chamber,
          uniq_maurice, uniq_joseph, uniq_prince_ribbit1

Skill      XL: |  1  2  3  4  5  6  7  8  9 |
---------------+----------------------------+-----
Fighting       | 1 2 3 4 5 7 8 |  8.6
Short Blades   | 5 6 7 8 10 | 10.0
Shields        | 2 3 4 |  4.3
Stealth        | 2 |  2.5
Throwing       | 3 |  3.0
Spellcasting   | |  1.2
Poison Magic   | |  2.6
Invocations    | |  0.7

Action                   |  1- 3 |  4- 6 |  7- 9 || total
-------------------------+-------+-------+-------++-------
Melee: Rapier            |    77 |       |    57 ||   134
       Dagger            |    46 |   215 |   325 ||   586
Throw: Boomerang         |       |       |     4 ||     4
       Javelin           |       |       |     2 ||     2
       Large rock        |       |       |     2 ||     2
       Throwing net      |       |       |     1 ||     1
Invok: Line Pass         |       |       |     4 ||     4
       Stomp             |       |       |     4 ||     4
Evoke: Wand              |       |       |     1 ||     1
  Use: Scroll            |     2 |     6 |     7 ||    15
       Potion            |     2 |     1 |    10 ||    13
 Stab: Sleeping          |     1 |     1 |     5 ||     7
       Paralysed         |       |     1 |    12 ||    13
Armor: Robe              |    49 |    61 |    69 ||   179
Dodge: Dodged            |    35 |    61 |   100 ||   196
Block: Kite shield       |    45 |    75 |   122 ||   242

Table legend: (Time is in decaauts)
 A = Elapsed time spent in this place.
 B = Non-inter-level travel time spent in this place.
 C = Inter-level travel time spent in this place.
 D = Time resting spent in this place.
 E = Time spent auto-exploring this place.
 F = Levels seen in this place.
 G = Mean time per level.
                   A        B        C        D        E       F      G
               +--------+--------+--------+--------+--------+-----+--------+
         Total |   7377 |   7278 |     99 |    246 |   5770 |   9 |  819.7 |
       Dungeon |   6861 |   6762 |     99 |    222 |   5398 |   8 |  857.6 |
       Ossuary |    515 |    515 |      0 |     24 |    372 |   1 |  515.0 |
               +--------+--------+--------+--------+--------+-----+--------+

Top non-repeatable levels by time:
     D:8: 1324 daAuts
     D:5: 1310 daAuts
     D:2: 1034 daAuts
     D:1: 873 daAuts
     D:3: 791 daAuts
     D:7: 740 daAuts
 Ossuary: 515 daAuts
     D:6: 511 daAuts
     D:4: 274 daAuts
